AoeStats
← willrhyd

Black Forest

510375605Analyzed
4v4 RM · 17h ago on Sep 30, 2026· 79m 28s· 8 players
Game mode
Random Map
Map size
Large (8 player)
Population
200
Speed
Normal
Resources
Standard
Victory
Conquest
Starting age
Dark Age
Ending age
Imperial Age
RankedLock teamsTeams togetherTeam positionsShared explorationLock speedFull tech treeHidden civsTurbo modeCheats
Victory
Defeat
🇩🇪 Persians · Germany
1435
+16
🇨🇴 Teutons · Colombia
1392
+18
🇧🇩 Bohemians · Bangladesh
1391
+18
🇨🇱 Japanese · Chile
1390
+18
🇫🇷 Teutons · France
1436
-19
🇬🇧 Slavs · United Kingdom
1435
-17
🇹🇷 Jurchens · Türkiye
1435
-17
🇨🇳 Persians · China
1418
-17
xinyuan.zhao22
10:54 Feudal Age
14:26 Castle Age
14:50 Double-Bit Axe
18:48 Bow Saw
23:35 Wheelbarrow
23:06 Gold Mining
25:03 Hand Cart
29:56 Imperial Age
27:30 Stone Mining
28:15 Gold Shaft Mining
27:30 Horse Collar
28:02 Forging
28:55 Stone Shaft Mining
28:53 Bloodlines
28:44 Husbandry
29:04 Heavy Plow
29:39 Scale Barding Armor
30:29 Iron Casting
29:54 Cavalier
30:30 Loom
30:32 Town Watch
31:50 Two-Man Saw
31:16 Guilds
32:24 Chain Barding Armor
33:41 Blast Furnace
32:54 Caravan
33:50 Plate Barding Armor
33:49 Conscription
34:16 Devotion
34:58 Elite War Elephant
38:26 Crop Rotation
41:56 Masonry
41:27 Light Cavalry
48:59 Masonry
49:25 Hussar
59:40 Savar
63:37 Pikeman
64:17 Squires
64:02 Gambesons
65:13 Capped Ram
67:02 Heavy Camel Rider
69:13 Coinage
70:57 Siege Ram
72:19 Banking
73:51 Halberdier
75:31 Scale Mail Armor
Drakhaon
7:21 Loom
10:51 Feudal Age
11:28 Man-at-Arms
14:24 Arson
19:39 Castle Age
19:25 Double-Bit Axe
19:22 Horse Collar
20:26 Forging
20:53 Scale Barding Armor
21:33 Bow Saw
21:28 Heavy Plow
24:26 Wheelbarrow
25:26 Gold Mining
28:50 Stone Mining
30:36 Scale Mail Armor
31:13 Iron Casting
32:37 Squires
31:58 Pikeman
32:54 Chain Mail Armor
35:18 Imperial Age
33:45 Gambesons
35:59 Hand Cart
35:20 Halberdier
35:23 Capped Ram
36:25 Caravan
36:49 Siege Engineers
37:14 Conscription
38:13 Ironclad
39:22 Plate Mail Armor
39:53 Blast Furnace
40:04 Crenellations
39:28 Onager
40:11 Town Watch
41:44 Siege Onager
46:30 Chemistry
51:00 Masonry
56:52 Chain Barding Armor
56:45 Bloodlines
55:55 Cavalier
60:43 Plate Barding Armor
61:36 Two-Man Saw
61:06 Crop Rotation
60:00 Paladin
64:33 Guard Tower
65:04 Ballistics
67:52 Fletching
67:50 Arrowslits
68:16 Fortified Wall
68:42 Keep
70:36 Bodkin Arrow
72:06 Block Printing
dehinker
0:39 Loom
13:57 Feudal Age
19:15 Castle Age
17:18 Double-Bit Axe
20:07 Horse Collar
27:10 Bow Saw
29:49 Wheelbarrow
31:05 Heavy Plow
37:03 Imperial Age
34:29 Gold Mining
34:59 Squires
34:44 Arson
35:01 Scale Mail Armor
35:19 Caravan
37:23 Forging
37:39 Elite Fire Lancer
38:42 Heavy Rocket Cart
40:58 Conscription
42:06 Chemistry
42:05 Siege Engineers
42:57 Chain Mail Armor
49:22 Fortified Wall
49:39 Pikeman
61:39 Fletching
61:50 Padded Archer Armor
62:21 Bodkin Arrow
62:11 Elite Skirmisher
65:00 Leather Archer Armor
65:05 Halberdier
68:06 Iron Casting
69:54 Bracer
70:25 Ring Archer Armor
72:09 Blast Furnace
willrhyd
0:43 Loom
11:57 Feudal Age
15:27 Double-Bit Axe
22:17 Horse Collar
26:32 Castle Age
27:35 Heavy Plow
27:46 Bow Saw
28:13 Wheelbarrow
28:15 Town Watch
33:14 Imperial Age
31:11 Scale Barding Armor
31:39 Forging
32:12 Bloodlines
32:25 Gold Mining
33:01 Chain Barding Armor
33:45 Hand Cart
35:13 Plate Barding Armor
35:14 Iron Casting
35:24 Conscription
36:03 Conscription
35:51 Husbandry
35:48 Elite Boyar
38:33 Chemistry
39:09 Blast Furnace
40:21 Onager
41:08 Siege Engineers
42:32 Caravan
43:00 Scale Mail Armor
44:46 Siege Onager
57:13 Pikeman
57:53 Squires
57:52 Halberdier
58:23 Man-at-Arms
59:06 Druzhina
59:40 Chain Mail Armor
58:56 Long Swordsman
59:36 Two-Handed Swordsman
62:17 Padded Archer Armor
63:43 Plate Mail Armor
62:48 Champion
68:33 Fortified Wall
68:34 Masonry
73:23 Light Cavalry
75:22 Hussar
_Mewtwo
4:20 Loom
10:33 Feudal Age
10:39 Man-at-Arms
12:28 Double-Bit Axe
18:41 Wheelbarrow
21:15 Horse Collar
24:00 Castle Age
24:20 Gold Mining
24:23 Stone Mining
25:07 Bow Saw
26:43 Fletching
27:36 Bodkin Arrow
34:18 Imperial Age
32:49 Padded Archer Armor
32:11 Crossbowman
33:55 Leather Archer Armor
34:13 Thumb Ring
34:52 Hand Cart
35:39 Conscription
35:49 Arbalester
37:36 Chemistry
36:39 Bracer
38:24 Block Printing
38:47 Redemption
40:06 Sanctity
45:05 Illumination
44:52 Fervor
44:42 Atonement
44:36 Guard Tower
44:48 Yasama
46:07 Keep
45:17 Arrowslits
49:32 Ring Archer Armor
50:26 Elite Samurai
51:18 Treadmill Crane
52:09 Ballistics
52:08 Scale Mail Armor
52:18 Long Swordsman
53:01 Two-Handed Swordsman
54:07 Chain Mail Armor
54:42 Forging
54:12 Champion
54:54 Squires
60:06 Iron Casting
62:05 Blast Furnace
62:50 Plate Mail Armor
66:44 Scale Barding Armor
67:31 Caravan
70:27 Coinage
73:58 Banking
73:19 Pikeman
75:22 Masonry
420 de la madrugada
6:24 Loom
9:16 Feudal Age
9:50 Man-at-Arms
10:23 Double-Bit Axe
10:59 Town Watch
20:50 Fletching
23:59 Horse Collar
29:05 Castle Age
30:17 Wheelbarrow
30:03 Bow Saw
29:54 Heavy Plow
34:34 Hand Cart
35:01 Gold Mining
36:14 Scale Barding Armor
36:20 Forging
36:49 Bodkin Arrow
39:42 Imperial Age
38:39 Padded Archer Armor
38:45 Bodkin Arrow
41:37 Chemistry
40:41 Scale Mail Armor
41:16 Iron Casting
Gunslinger
11:19 Feudal Age
15:26 Castle Age
14:03 Horse Collar
15:10 Double-Bit Axe
15:42 Loom
16:31 Bow Saw
21:38 Pikeman
24:42 Wheelbarrow
24:10 Heavy Plow
26:22 Hand Cart
32:54 Imperial Age
30:56 Scale Mail Armor
31:06 Forging
32:24 Chemistry
31:44 Ballistics
32:27 Chain Mail Armor
32:23 Forging
32:34 Squires
32:19 Arson
33:02 Halberdier
34:26 Houfnice
35:14 Caravan
35:28 Guilds
36:57 Plate Mail Armor
37:04 Iron Casting
37:28 Siege Engineers
37:39 Fletching
37:49 Padded Archer Armor
41:01 Bodkin Arrow
41:22 Leather Archer Armor
42:07 Blast Furnace
47:18 Bombard Tower
60:10 Wagenburg Tactics
66:03 Bracer
66:33 Ring Archer Armor
70:45 Town Watch
71:35 Town Patrol
75:10 Conscription
Tsunade
5:40 Loom
11:37 Feudal Age
12:14 Double-Bit Axe
12:10 Horse Collar
15:05 Castle Age
15:59 Bow Saw
19:06 Town Watch
22:09 Wheelbarrow
23:47 Heavy Plow
24:52 Hand Cart
25:13 Gold Mining
26:55 Gold Shaft Mining
30:04 Imperial Age
27:43 Stone Mining
28:14 Scale Barding Armor
29:24 Chain Barding Armor
31:09 Plate Barding Armor
31:44 Two-Man Saw
30:57 Husbandry
31:07 Bloodlines
31:48 Conscription
31:41 Forging
31:51 Elite War Elephant
33:24 Iron Casting
35:16 Blast Furnace
34:37 Ballistics
34:09 Fletching
35:25 Murder Holes
36:31 Chemistry
35:42 Masonry
39:40 Hoardings
39:17 Devotion
44:48 Coinage
44:29 Guilds
44:36 Bodkin Arrow
50:35 Banking
56:47 Onager
59:01 Caravan
59:38 Architecture
73:35 Town Patrol
74:56 Capped Ram
76:40 Siege Ram
Connection lost

Rejoining the realm…

Still unreachable

The connection could not be restored.

Session expired

The server has moved on; the page needs a fresh start.